 Dungeon Crawl Stone Soup version 0.21-a0-41-g5e91fef (webtiles) character file.

155 roguesci the Chiller (level 5, -1/42 HPs)
             Began as a Draconian Ice Elementalist on June 3, 2017.
             Killed from afar by anet's ghost (8 damage)
             ... with a magic dart
             ... on level 4 of the Dungeon.
             The game lasted 00:11:53 (3883 turns).

roguesci the Chiller (Draconian Ice Elementalist)   Turns: 3883, Time: 00:11:54

Health: -1/42      AC:  5    Str:  8    XL:     5   Next: 14%
Magic:  18/18      EV: 13    Int: 16    God:
Gold:   149        SH:  0    Dex: 12    Spells: 6/10 levels left

rFire    + . .     SeeInvis +   (no weapon)
rCold    + . .     Gourm    .   (no shield)
rNeg     . . .     Faith    .   (armour unavailable)
rPois    +         Spirit   .   (helmet restricted)
rElec    +         Reflect  .   (no cloak)
rCorr    +         Harm     .   (no gloves)
MR       +....                  (no boots)
Stlth    ++........             (no amulet)
Regen    0.2/turn               e - ring of magical power
MPRegen  0.2/turn               k - ring of protection from magic

@: resistant
A: unfitting armour, see invisible, weak 1, cold-blooded, AC +5
a: no special abilities


You were on level 4 of the Dungeon.
You were not hungry.

You visited 1 branch of the dungeon, and saw 4 of its levels.

You collected 149 gold pieces.

Inventory:

Missiles
 g - 130 stones (quivered)
Jewellery
 e - a ring of magical power (left hand)
 k - a ring of protection from magic (right hand)
 p - a cursed ring of teleportation {unknown}
Scrolls
 c - a scroll of immolation {unknown}
 d - 2 scrolls of remove curse {unknown}
 i - a scroll of magic mapping {unknown}
 o - a scroll of recharging {unknown}
Potions
 n - a potion of ambrosia {unknown}
Books
 a - a book of Frost

   Spells                             Type                      Level
   a - Freeze                         Ice                          1
   b - Throw Frost                    Conjuration/Ice              2
   c - Ozocubu's Armour               Charms/Ice                   3
   d - Throw Icicle                   Conjuration/Ice              4
   e - Summon Ice Beast               Ice/Summoning                4
Comestibles
 b - 3 bread rations
 f - 3 royal jellies
 l - 3 chunks of flesh


   Skills:
 * Level 2.5 Fighting
 * Level 2.9 Dodging
 + Level 2.1 Stealth
 * Level 3.0 Spellcasting
   Level 1.0 Conjurations
 + Level 3.5 Ice Magic


You had 6 spell levels left.
You knew the following spells:

 Your Spells              Type           Power        Failure   Level  Hunger
a - Freeze                Ice            ##..         4%          1    #......
b - Ozocubu's Armour      Chrm/Ice       #.......     26%         3    ###....


Dungeon Overview and Level Annotations

Branches:
Dungeon (4/15)
 Temple: D:4-7

Altars:
Ashenzari
Fedhas
Okawaru
Sif Muna
Uskayaw
Wu Jian

Annotations:
D:4 anet's ghost, amateur DEWz


Innate Abilities, Weirdness & Mutations

Your plain brown scales are hard. (AC +5)
You cannot fit into any form of body armour.
You are cold-blooded and may be slowed by cold attacks.
You have supernaturally acute eyesight. (SInv)
You are weak. (Str -2)


Message History

Your icy armour starts to melt.
Anet's ghost whispers, "There is no future for you."
Anet's ghost gestures at you while chanting.
You resist with almost no effort.
Anet's ghost gestures at you while chanting.
You resist with almost no effort.
Your icy armour evaporates.
It was a potion of mutation.
You feel extremely strange.
You feel weaker.
Your vision sharpens.
Things that are here:
a dagger; a short sword; a scale mail Anet's ghost gestures at you while chanting.
The ball explodes into a vile cloud!
The stinking cloud engulfs you!
You hear an angry hiss.
Items here: ))) [[ a flail x2; a leather armour; a mace; a leather armour Anet's ghost says, "I practised a lot since I died."
Anet's ghost points at you and mumbles some strange words.
The magic dart hits you!
You die...

#.......# #.......#
#....§..# ###.#####
#..>....#############.###
#..........oW...#.......#
#[......###...#W#.......#
#.......# #...#.#.......#
#.......# #...#)#.......#
######### #...#§#.......#
#...#@#.......#
#...#.#.......#
#...#........##
#########.##.# #.##.#
#.##.# #.##.# #.##.#
#.##.#


You could see anet's ghost.

Vanquished Creatures
  An orc priest (D:4)
  3 adders
  3 worms
  2 dart slugs (D:3)
  3 leopard geckos
  12 orcs
  2 giant cockroaches
  6 goblins
  10 hobgoblins
  2 jackals (D:2)
  A quokka (D:4)
  7 bats
  6 frilled lizards
  7 kobolds
  8 rats
73 creatures vanquished.

Notes
Turn   | Place    | Note
-------+----------+-------------------------------------------
     0 | D:1      | roguesci the Draconian Ice Elementalist began the quest for the Orb.
     0 | D:1      | Reached XP level 1. HP: 14/14 MP: 3/3
   525 | D:1      | Reached XP level 2. HP: 22/22 MP: 3/5
   589 | D:1      | Reached skill level 1 in Fighting
  1688 | D:2      | Reached XP level 3. HP: 26/28 MP: 6/6
  1711 | D:2      | Learned a level 3 spell: Ozocubu's Armour
  2265 | D:2      | Found a blossoming altar of Fedhas.
  2266 | D:2      | Found a deep blue altar of Sif Muna.
  2641 | D:3      | Reached XP level 4. HP: 36/36 MP: 7/7
  3273 | D:3      | Found a hide-covered altar of Uskayaw.
  3274 | D:3      | Found an iron altar of Okawaru.
  3419 | D:2      | Found a shattered altar of Ashenzari.
  3419 | D:2      | Found an ornate altar of the Wu Jian Council.
  3523 | D:4      | Reached XP level 5. HP: 42/42 MP: 5/9
  3839 | D:4      | Noticed anet's ghost (amateur DEWz)
  3880 | D:4      | Gained mutation: You are weak. (Str -2) [potion of mutation]
  3880 | D:4      | Gained mutation: You have supernaturally acute eyesight. (SInv) [potion of mutation]
  3883 | D:4      | Killed from afar by anet's ghost

Vault maps used:
D:1:      mushboom_english_gardens
D:2:      nicolae_overflow_hidden_temple
D:3:      gammafunk_temple_overflow_statue
D:4:      nicolae_dithmenos_the_darkroom, uniq_natasha, uniq_grinder,
          uniq_menkaure

Skill      XL: |  1  2  3  4 |
---------------+-------------+-----
Dodging        | 2 |  2.9
Fighting       | 1 2 |  2.5
Stealth        | 2 |  2.1
Spellcasting   | 3 |  3.0
Conjurations   | |  1.0
Ice Magic      | |  3.5

Action                   |  1- 3 |  4- 6 || total
-------------------------+-------+-------++-------
Melee: Unarmed           |    92 |    42 ||   134
       Tailslap          |     8 |     4 ||    12
Throw: Stone             |       |    32 ||    32
 Cast: Freeze            |    63 |    55 ||   118
       Ozocubu's Armour  |     1 |     4 ||     5
  Use: Potion            |       |     5 ||     5
 Stab: Sleeping          |     3 |     1 ||     4
  Eat: Chunk             |     6 |     5 ||    11
Armor: Skin              |    39 |    28 ||    67
Dodge: Dodged            |   103 |    50 ||   153
